 Dungeon Crawl Stone Soup version 0.22.1-2-g9c5b331 (webtiles) character file.

8674 Gearfox the Cleaver (level 11, -3/114 HPs)
             Began as a Minotaur Fighter on Dec 5, 2018.
             Was a High Priest of Okawaru.
             Killed from afar by an orc wizard (5 damage)
             ... with a magic dart
             ... on level 1 of the Orcish Mines.
             The game lasted 00:45:07 (12109 turns).

Gearfox the Cleaver (Minotaur Fighter)             Turns: 12109, Time: 00:45:09

Health: -3/114     AC: 20    Str: 29    XL:     11   Next: 13%
Magic:  11/11      EV:  7    Int:  5    God:    Okawaru [*****.]
Gold:   220        SH:  6    Dex: 10    Spells: 10/10 levels left

rFire    . . .     SeeInvis .   a - +2 war axe
rCold    . . .     Gourm    .   t - +2 buckler
rNeg     . . .     Faith    .   p - +0 plate armour
rPois    .         Spirit   .   (helmet restricted)
rElec    .         Reflect  .   h - +0 cloak
rCorr    +         Harm     .   s - +0 pair of gloves
MR       +....                  i - +2 pair of boots
Stlth    ..........             e - amulet of rage
HPRegen  0.29/turn              v - ring of protection from magic
MPRegen  0.12/turn              g - ring of resist corrosion

@: mighty, heavily drained
A: retaliatory headbutt, horns 2, talons 1, blink, robust 1, shaggy fur 1
a: Blink, Heroism, Finesse, Renounce Religion, Evoke Berserk Rage


You were on level 1 of the Orcish Mines.
You worshipped Okawaru.
Okawaru was extremely pleased with you.
You were not hungry.

You visited 3 branches of the dungeon, and saw 11 of its levels.

You collected 340 gold pieces.
You spent 120 gold pieces at shops.

Inventory:

Hand Weapons
 a - a +2 war axe (weapon)
 B - a +1 mace of protection
Armour
 c - a +0 shield
 h - a +0 cloak (worn)
 i - a +2 pair of boots (worn)
 k - a +2 chain mail of cold resistance
 p - a +0 plate armour (worn)
 s - a +0 pair of gloves (worn)
 t - a +2 buckler (worn)
 C - a +0 pair of boots
 I - the +4 skin of Zhor {rC+++}
   (You took it off an orc on level 9 of the Dungeon)

   It renders you almost immune to cold.
Magical Staves
 w - an uncursed staff of air
 y - an uncursed staff of wizardry {unknown}
Jewellery
 e - an amulet of rage (around neck)
 g - a ring of resist corrosion (right hand)
 o - an uncursed ring of ice
 v - a ring of protection from magic (left hand)
 x - an uncursed ring of magical power
 F - an uncursed amulet of magic regeneration
 H - a +2 ring of dexterity {unknown}
Wands
 l - a wand of acid (3)
 E - a wand of polymorph (9)
Scrolls
 n - 3 scrolls of teleportation
 r - 3 scrolls of amnesia
Potions
 q - a potion of agility {unknown}
 u - a potion of haste {unknown}
 A - a potion of magic {unknown}
Miscellaneous
 z - a sack of spiders
 D - a lamp of fire
Comestibles
 f - 17 rations


   Skills:
 - Level 12.2(9.2) Fighting
 - Level 12.4(9.4) Axes
 - Level 10.0(7.2) Armour
 - Level 7.0(4.4) Shields
 - Level 2.2(0.0) Evocations


You had 10 spell levels left.
You didn't know any spells.
Your spell library contained the following spells:

 Spells                   Type           Power        Failure   Level  Hunger
 Cause Fear               Hex            #.........   100%        4    #####..
 Silence                  Hex/Air        #.........   100%        5    ######.
 Yara's Violent Unravell  Hex/Tmut       #.........   100%        5    ######.
 Deflect Missiles         Chrm/Air       #.........   100%        6    #######
 Discord                  Hex            #.........   100%        8    #######


Dungeon Overview and Level Annotations

Branches:
Dungeon (9/15)             Temple (1/1) D:6             Orc (1/2) D:9
   Lair: D:8-11

Altars:
Ashenzari
Cheibriados
Dithmenos
Elyvilon
Fedhas
Gozag
Hepliaklqana
Kikubaaqudgha
Makhleb
Nemelex Xobeh
Okawaru
Ru
Sif Muna
Trog
Uskayaw
Vehumet
Wu Jian
Xom
Yredelemnul
Zin
The Shining One

Shops:
D:4 [*(*}

Annotations:
D:4 3 runed doors, buskinjo's ghost, novice OpGl
Orc:1 Nergalle


Innate Abilities, Weirdness & Mutations

You reflexively headbutt those who attack you in melee.
You have a pair of horns on your head.
You have sharp toenails.
You can translocate small distances at will.
You are robust. (+10% HP)
You are covered in fur. (AC +1)


Message History

The spectral orc warrior hits you but does no damage.
The spectral orc knight hits you but does no damage.
There is a staircase to the Orcish Mines, spattered with blood here.
Things that are here:
a giant club; a giant spiked club Unknown command.
Nergalle hits you but does no damage.
You feel drained.
You block the spectral orc warrior's attack.
The spectral orc warrior hits you but does no damage. x2
The spectral orc knight hits you but does no damage.
You climb downwards.
Welcome back to the Orcish Mines!
The spectral orc knight disappears in a puff of smoke! x2
The spectral orc warrior disappears in a puff of smoke! x3
An orc warrior comes into view. It is wielding a glaive.
The orc warrior shouts!
The orc warrior hits you but does no damage.
An orc knight comes into view. It is wielding a battleaxe.
The orc wizard points at you and mumbles some strange words.
The magic dart hits you!
You die...

#...... #.....
#.....##...##
#....##.....##
..$..........###
.##[....##....#
#$o[...#....#
#.......#..###..##
#........#......o#
##......###...o@##
##.....# ##..o..#
##..O.. ####.##
....... ###
...#...


You could see an orc knight, Nergalle, an orc warrior and an orc wizard.

Vanquished Creatures
  3 two-headed ogres
  Pikel (D:6)
  A troll (D:7)
  3 hippogriffs (D:9)
  3 yaks (D:9)
  A hungry ghost (D:7)
  A vampire mosquito (D:7)
  5 water moccasins
  A swamp drake (D:9)
  A black bear (D:8)
  9 orc warriors
  2 ice beasts
  A phantom (D:6)
  A sky beast (D:6)
  A necrophage (D:5)
  5 ogres
  2 centaurs
  A crocodile (D:8)
  A big kobold (D:8)
  3 bullfrogs
  2 scorpions
  A killer bee (D:7)
  4 howler monkeys (D:7)
  A crimson imp (D:5)
  4 jellies
  7 orc priests
  17 orc wizards
  A gnoll shaman (D:4)
  A bullfrog skeleton (D:6)
  2 hounds (D:7)
  Ijyb (D:5)
  2 iguanas
  5 worker ants
  A killer bee zombie (D:7)
  A hound zombie (D:7)
  2 hound skeletons
  10 adders
  8 gnolls
  2 shadow imps
  3 oozes
  3 adder skeletons
  7 worms
  3 dart slugs
  6 leopard geckos
  49 orcs
  9 bats
  3 giant cockroaches
  3 goblins
  10 hobgoblins
  8 jackals
  A quokka (D:2)
  3 frilled lizards
  A jackal skeleton (D:4)
  9 kobolds
  A leopard gecko skeleton (D:4)
  12 rats
249 creatures vanquished.

Notes
Turn   | Place    | Note
-------+----------+-------------------------------------------
     0 | D:1      | Gearfox the Minotaur Fighter began the quest for the Orb.
     0 | D:1      | Reached XP level 1. HP: 19/19 MP: 0/0
    95 | D:1      | Reached XP level 2. HP: 24/26 MP: 1/1
   451 | D:1      | Reached XP level 3. HP: 31/31 MP: 2/2
  1083 | D:2      | Reached skill level 5 in Axes
  1549 | D:2      | Reached XP level 4. HP: 39/39 MP: 3/3
  2161 | D:2      | Reached XP level 5. HP: 33/45 MP: 4/4
  2285 | D:3      | Gained mutation: You can translocate small distances at
                  | will. [potion of mutation]
  2285 | D:3      | Gained mutation: Your magical capacity is low. (-10% MP)
                  | [potion of mutation]
  2285 | D:3      | Gained mutation: Your spells are a little harder to cast,
                  | but a little more powerful. [potion of mutation]
  2290 | D:3      | Lost mutation: Your magical capacity is low. (-10% MP)
                  | [potion of mutation]
  2290 | D:3      | Lost mutation: Your spells are a little harder to cast, but
                  | a little more powerful. [potion of mutation]
  2290 | D:3      | Gained mutation: Scrolls take you a little longer to read.
                  | [potion of mutation]
  2290 | D:3      | Gained mutation: You have sharp toenails. [potion of
                  | mutation]
  2290 | D:3      | Gained mutation: You are covered in fur. (AC +1) [potion of
                  | mutation]
  2454 | D:3      | Found a faded altar of an unknown god.
  2859 | D:3      | Found a sacrificial altar of Ru.
  3613 | D:4      | Found a shattered altar of Ashenzari.
  3857 | D:4      | Reached XP level 6. HP: 53/53 MP: 5/5
  4006 | D:4      | Reached skill level 5 in Fighting
  4029 | D:4      | Found a runed gate.
  4034 | D:4      | Found Kefe's Weapon Emporium.
  4045 | D:4      | Found Vufov's Assorted Antiques.
  4049 | D:4      | Found a runed gate.
  4051 | D:4      | Found a runed gate.
  4057 | D:4      | Noticed buskinjo's ghost (novice OpGl)
  4079 | D:4      | Found Raetey's Gadget Shoppe.
  4083 | D:4      | Found Xyufidicia's Assorted Antiques.
  4084 | D:4      | Found Voommut's Armour Shoppe.
  4108 | D:4      | Bought a scroll of identify for 66 gold pieces
  4127 | D:4      | Bought a scroll of identify for 54 gold pieces
  4367 | D:5      | Entered Level 5 of the Dungeon
  4369 | D:5      | Noticed Ijyb
  4382 | D:5      | Killed Ijyb
  4503 | D:5      | Noticed a water moccasin
  4515 | D:5      | Killed a water moccasin
  4597 | D:5      | Reached XP level 7. HP: 57/64 MP: 6/6
  4797 | D:5      | Reached skill level 5 in Shields
  5246 | D:5      | Reached XP level 8. HP: 58/73 MP: 7/7
  5669 | D:5      | Found a hazy altar of Hepliaklqana.
  6015 | D:6      | Reached skill level 1 in Evocations
  6051 | D:6      | Found a staircase to the Ecumenical Temple.
  6068 | Temple   | Entered the Ecumenical Temple
  6356 | Temple   | Became a worshipper of Warmaster Okawaru
  6501 | D:6      | Reached skill level 5 in Armour
  6671 | D:6      | Found a snail-covered altar of Cheibriados.
  6678 | D:6      | Found an opulent altar of Gozag.
  6680 | D:6      | Found an ancient bone altar of Kikubaaqudgha.
  6687 | D:6      | Reached * piety under Okawaru
  6718 | D:6      | Found a burning altar of Makhleb.
  6826 | D:6      | Found a bloodstained altar of Trog.
  7090 | D:6      | Noticed Pikel
  7107 | D:6      | Killed Pikel
  7107 | D:6      | Reached XP level 9. HP: 70/84 MP: 6/9
  7413 | D:7      | Reached skill level 10 in Fighting
  8694 | D:7      | Reached ** piety under Okawaru
  8779 | D:7      | Noticed a troll
  8790 | D:7      | Killed a troll
  8930 | D:7      | Noticed a two-headed ogre
  8940 | D:7      | Killed a two-headed ogre
  8940 | D:7      | Reached *** piety under Okawaru
  8940 | D:7      | Reached XP level 10. HP: 96/96 MP: 7/10
  9876 | D:8      | Lost mutation: Scrolls take you a little longer to read.
                  | [potion of mutation]
  9876 | D:8      | Gained mutation: You are robust. (+10% HP) [potion of
                  | mutation]
  9896 | D:8      | Reached skill level 10 in Armour
 10410 | D:8      | Noticed a two-headed ogre
 10427 | D:8      | Killed a two-headed ogre
 10910 | D:8      | Reached **** piety under Okawaru
 11231 | D:9      | Reached skill level 10 in Axes
 11560 | D:9      | Reached ***** piety under Okawaru
 11642 | D:9      | Found a staircase to the Orcish Mines.
 11648 | D:9      | Reached XP level 11. HP: 105/113 MP: 8/11
 11821 | Orc:1    | Entered Level 1 of the Orcish Mines
 11848 | Orc:1    | Noticed Nergalle
 11849 | Orc:1    | Noticed a two-headed ogre
 12105 | D:9      | Killed a two-headed ogre
 12107 | D:9      | HP: 3/114 [Nergalle/dagger of draining (6)]
 12109 | Orc:1    | Noticed an orc knight
 12109 | Orc:1    | Killed from afar by an orc wizard

Skill      XL: |  1  2  3  4  5  6  7  8  9 10 11 |
---------------+----------------------------------+-----
Axes           | 3 4 5 6 7 11 12 | 12.4
Fighting       | 4 6 8 9 12 | 12.2
Shields        | 4 6 7 |  7.0
Evocations     | 2 |  2.2
Armour         | 7 9 10 | 10.0

Action                   |  1- 3 |  4- 6 |  7- 9 | 10-12 || total
-------------------------+-------+-------+-------+-------++-------
Melee: War axe           |    53 |   146 |   217 |   234 ||   650
       Headbutt          |     8 |    26 |    32 |    43 ||   109
Invok: Heroism           |       |       |     3 |     2 ||     5
Evoke: Wand              |       |       |     2 |       ||     2
  Use: Scroll            |     2 |    12 |     7 |     9 ||    30
       Potion            |       |     2 |       |     4 ||     6
  Eat: Chunk             |     2 |     6 |     9 |     6 ||    23
       Ration            |       |     1 |     2 |     2 ||     5
Armor: Scale mail        |    43 |    91 |    38 |       ||   172
       Plate armour      |       |       |   148 |   177 ||   325
Dodge: Dodged            |    38 |    99 |    84 |    98 ||   319
Block: Buckler           |       |       |    21 |   104 ||   125
